 Dungeon Crawl Stone Soup version 0.19-a0-684-gf760df0 (webtiles) character file.

288189 Implojin the Brawler (level 19, 169/201 HPs)
             Began as a Troll Fighter on June 17, 2016.
             Was a High Priest of Okawaru.
             Quit the game on level 4 of the Depths on June 18, 2016.
             The game lasted 02:19:40 (14270 turns).

Implojin the Brawler (Troll Fighter)               Turns: 14270, Time: 02:19:40

Health: 169/201    AC: 26    Str: 31    XL:     19   Next: 44%
Magic:  24/24      EV: 16    Int:  7    God:    Okawaru [*****.]
Gold:   124        SH: 20    Dex: 19    Spells: 1 memorised, 17 levels left

rFire  + . .     SeeInvis +       - Unarmed
rCold  . . .     Gourm    +     A - +5 pearl dragon armour
rNeg   + + .     Faith    .     W - +0 large shield
rPois  +         Spirit   .     e - +0 hat
rElec  .         Dismiss  .     F - +1 cloak of Ciqewnual {Int+3 Dex+4}
rCorr  .         Reflect  .     (gloves unavailable)
SustAt .         Harm     .     (boots unavailable)
MR     ++...                    Z - amulet "Zasy" {Inacc rPois rF+ rN+ MR+}
Stlth  +.........               E - ring of see invisible
                                O - +2 ring of strength

@: very resistant to hostile enchantments, very unstealthy
A: unfitting armour, claws 3, fast metabolism 3, gourmand, regeneration 2,
shaggy fur 1, tough skin 2
a: Heroism, Finesse, Renounce Religion
}: 3/15 runes: decaying, abyssal, gossamer


You were on level 4 of the Depths.
You worshipped Okawaru.
Okawaru was extremely pleased with you.
You were not hungry.

You visited 6 branches of the dungeon, and saw 35 of its levels.
You visited the Abyss 5 times.
You visited 1 bazaar.

You collected 742 gold pieces.
You spent 618 gold pieces at shops.

Inventory:

Hand Weapons
 i - a +2 scimitar of flaming
 L - the +1 falchion "Finifaoj" {vamp, *Confuse rF+ rC+}
   (Okawaru gifted it to you on level 6 of the Lair of Beasts)

   It inflicts no extra harm, but heals its wielder somewhat when it strikes a
   living foe.
   It protects you from fire.
   It protects you from cold.
   It may confuse you when you take damage.
 P - a +0 scimitar of distortion
Missiles
 R - 17 large rocks (quivered)
Armour
 e - a +0 hat (worn)
 t - a swamp dragon hide
 v - a +1 cloak of magic resistance
 A - a +5 pearl dragon armour (worn)
 F - the +1 cloak of Ciqewnual (worn) {Int+3 Dex+4}
   (Okawaru gifted it to you on level 2 of the Spider Nest)

   It affects your intelligence (+3).
   It affects your dexterity (+4).
 V - the +2 cloak of Peicuxash {rPois rC- Int-2 Slay+5}
   (Okawaru gifted it to you on level 15 of the Dungeon)

   It affects your intelligence (-2).
   It affects your accuracy and damage with ranged weapons and melee attacks
   (+5).
   It makes you vulnerable to cold.
   It protects you from poison.
 W - a +0 large shield (worn)
Magical Staves
 X - an uncursed staff of wizardry
Jewellery
 n - an uncursed ring of wizardry
 u - an uncursed ring of resist corrosion
 y - an uncursed ring of poison resistance
 E - a ring of see invisible (right claw)
 K - a +6 ring of intelligence
 O - a +2 ring of strength (left claw)
 Z - the amulet "Zasy" (around neck) {Inacc rPois rF+ rN+ MR+}
   (You bought it in a shop in a bazaar)

   [amulet of inaccuracy]

   It reduces the accuracy of all your attacks.
   It protects you from fire.
   It protects you from poison.
   It protects you from negative energy.
   It affects your resistance to hostile enchantments.
Wands
 b - a wand of paralysis (4/24)
 s - a wand of confusion (28/48)
 B - a wand of lightning (7/15)
 D - a wand of digging (13/24)
 I - a wand of disintegration (8/24)
 J - a wand of lightning (2/15)
 M - a wand of iceblast (0/15)
 Q - a wand of disintegration (15/24)
 S - a wand of lightning (6/15)
 U - a wand of acid (7/15)
Scrolls
 a - a scroll of silence
 j - 2 scrolls of immolation
 k - 3 scrolls of recharging
 m - a scroll of fear
 r - 3 scrolls of remove curse
 w - a scroll of identify
 x - a scroll of noise
 C - 2 scrolls of teleportation
 H - a scroll of fog
Potions
 f - 2 potions of brilliance
 g - 2 potions of berserk rage
 h - 6 potions of lignification
 l - 4 potions of magic
 p - 5 potions of ambrosia
 z - 3 potions of cancellation
Books
 o - a book of Callings

   Spells                             Type                      Level
   a - Summon Small Mammal            Summoning                    1
   b - Call Imp                       Summoning                    2
   c - Call Canine Familiar           Summoning                    3
   d - Summon Guardian Golem          Hexes/Summoning              3
   e - Summon Lightning Spire         Summoning/Air                4
   f - Summon Ice Beast               Ice/Summoning                4
Miscellaneous
 G - a phial of floods
Comestibles
 d - 3 bread rations
 q - 2 fruits
 T - a meat ration


   Skills:
 * Level 15.4 Fighting
 - Level 12.3 Armour
 - Level 13.2 Dodging
 - Level 5.8 Stealth
 - Level 10.0 Shields
 - Level 16.0 Unarmed Combat
 - Level 8.1 Invocations


You had 17 spell levels left.
You knew the following spells:

 Your Spells              Type           Power        Failure   Level  Hunger
a - Summon Butterflies    Summ           #.......     100%        1    ##.....


Dungeon Overview and Level Annotations

Branches:
Dungeon (15/15)            Temple (1/1) D:5            Lair (6/6) D:9
  Swamp (4/4) Lair:3       Spider (4/4) Lair:2        Slime (0/5) Lair:6
    Orc (0/2) D:11         Depths (5/5) D:15
 Vaults: D:13-14        Zot: Depths:5

Altars:
Ashenzari
Dithmenos
Fedhas
Gozag
Kikubaaqudgha
Makhleb
Okawaru
Ru
Sif Muna
Trog
Xom
Jiyva

Shops:
D:8 !

Portals:
Hell: Depths:2
Abyss: Depths:3
Pandemonium: Depths:2

Annotations:
D:2 exclusions: downstairs and upstairs
Depths:5 Mennas


Innate Abilities, Weirdness & Mutations

You are too large for most types of armour.
You have claws for hands.
Your metabolism is lightning-fast.
You like to eat raw meat.
You heal very quickly.
You are covered in fur. (AC +1)
You have very tough skin. (AC +2)


Message History

The tentacled monstrosity constricts you.
You claw the tentacled monstrosity!
The tentacled monstrosity is severely wounded.
You block the tentacled monstrosity's attack.
The tentacled monstrosity tentacle-slaps you but does no damage. x2
The tentacled monstrosity constricts you.
You mangle the tentacled monstrosity!!
The tentacled monstrosity is almost dead.
You scratch the tentacled monstrosity but do no damage.
The tentacled monstrosity is almost dead.
The tentacled monstrosity tentacle-slaps you.
You block the tentacled monstrosity's attack.
The tentacled monstrosity barely misses you.
The tentacled monstrosity constricts you.
You claw the tentacled monstrosity!
The tentacled monstrosity is almost dead.
The tentacled monstrosity tentacle-slaps you but does no damage.
The tentacled monstrosity tentacle-slaps you.
The tentacled monstrosity barely misses you.
The tentacled monstrosity constricts you.
You scratch the tentacled monstrosity but do no damage.
The tentacled monstrosity is almost dead.
You block the tentacled monstrosity's attack.
The tentacled monstrosity tentacle-slaps you but does no damage. x2
The tentacled monstrosity constricts you.
You barely miss the tentacled monstrosity.
The tentacled monstrosity is almost dead.
You scratch the tentacled monstrosity.
The tentacled monstrosity is almost dead.
The tentacled monstrosity tentacle-slaps you but does no damage.
You block the tentacled monstrosity's attack. x2
The tentacled monstrosity constricts you.
You mangle the tentacled monstrosity!!
You kill the tentacled monstrosity!
Okawaru accepts your kill.
Things that are here:
an antimagic flail; an animal skin
There is a stone staircase leading down here.
Enter note: this run is way too slow anyway Are you sure you want to abandon this character and quit the game? (Confirm with "yes".)

,,,,**********,* *,,, *,,,* *,*
*,,, ,,,** *,* #######*** ****
*,* #.....# *,* #.....#
*,#########.....####
*,#.)...............
*,#.#######.......## *,#@#
####....## #.#.# #......
*####.#.# ###.... ***** *,....#.#
#####...[ *,,,*
*,,...#)########...#.... *,*,*
*,,,..#.......##'#......
***,*,**######.#.......##.##...##
,,,,,,,,.......#....).##...##..##
,**,*,*,.............##..#.†#####


There were no monsters in sight!

Vanquished Creatures
  3 bone dragons
  A profane servitor (Abyss:3)
  Jory (Depths:5)
  5 liches
  Jorgrun (Depths:2)
  3 tentacled monstrosities
  14 tentacled starspawn
  3 thorn hunters
  An Executioner (Abyss:3)
  A tengu reaver (Abyss:1)
  Kirke (Lair:5)
  A revenant (Abyss:1)
  2 fire giants
  A daeva (Abyss:3)
  3 frost giants
  Donald (Swamp:3)
  A balrug (Abyss:3)
  Louise (D:15)
  4 ghost moths (Spider:4)
  A deep elf sorcerer (Abyss:4)
  4 emperor scorpions (Spider:4)
  A cacodemon (Abyss:1)
  8 very ugly things
  2 stone giants
  A spriggan defender (Depths:5)
  A wizard (Abyss:1)
  An ophan (Abyss:5)
  A dire elephant (Abyss:1)
  4 spark wasps
  2 mottled draconians
  3 blizzard demons
  A green death (Abyss:3)
  2 great orbs of eyes
  16 hydras
  2 ghost crabs (Swamp:2)
  6 rakshasas
  3 catoblepae (Lair:6)
  4 yaktaur captains
  2 centaur warriors (D:15)
  3 entropy weavers
  2 ice dragons (Depths:2)
  A dancing weapon (Abyss:3)
  2 tengu warriors (D:15)
  2 alligators (Swamp:3)
  2 deep troll shamans (Depths:4)
  A deep troll earth mage (Depths:3)
  A hell hog (Abyss:1)
  19 death yaks
  2 spriggan berserkers
  27 thrashing horrors
  12 spriggans
  2 sun demons (Abyss:3)
  A fire crab (shapeshifter) (Abyss:3)
  14 wretched stars
  3 iron trolls (Depths:4)
  The ghost of Lich the Protected, a novice DDNe of Kikubaaqudgha (D:8)
  A spriggan druid (Swamp:4)
  4 deep trolls
  A shambling mangrove (Swamp:3)
  3 giant orange brains
  2 hill giants
  8 swamp dragons (Swamp:4)
  10 wolf spiders
  A griffon (Lair:6)
  6 orb spiders
  An orc sorcerer (Abyss:3)
  An oklob plant (Lair:3)
  A deep elf mage (D:12)
  5 hornets
  10 slime creatures
  A sixfirhy (Abyss:3)
  A hornet (shapeshifter) (Depths:4)
  7 ugly things
  6 elephants
  Joseph (D:7)
  A cyclops (D:15)
  7 worldbinders
  2 water nymphs (Abyss:4)
  2 rust devils (Abyss:3)
  A naga mage (Abyss:3)
  2 centaur zombies
  3 black mambas (Lair:6)
  A black mamba (shapeshifter) (D:15)
  2 apocalypse crabs
  2 centaur skeletons
  A rime drake (Lair:6)
  2 orange demons (Abyss:3)
  7 smoke demons
  8 spiny frogs
  5 demonic crawlers
  2 efreet
  5 komodo dragons
  2 hellwings (Abyss:3)
  A red devil (Abyss:3)
  2 tengu conjurers (Depths:2)
  2 trolls
  13 jumping spiders
  24 yaktaurs
  9 ancient zymes
  A raiju (shapeshifter) (Abyss:3)
  4 blink frogs (Abyss:3)
  20 raiju
  An alligator zombie (Abyss:2)
  An ice dragon zombie (Abyss:2)
  2 bog bodies
  21 large abominations
  A boulder beetle (Lair:6)
  36 starcursed masses
  3 vampires
  4 flying skulls (Abyss:4)
  17 tarantellas
  8 ynoxinuls
  27 yaks
  36 redbacks
  A spriggan (shapeshifter) (Abyss:1)
  2 wraiths
  A wyvern (D:12)
  3 shadows
  A water elemental (Abyss:4)
  4 hogs (Lair:5)
  4 golden eyes (Abyss:3)
  2 basilisks
  Grum (D:8)
  6 hippogriffs
  An emperor scorpion simulacrum (Abyss:4)
  A hungry ghost (D:12)
  6 chaos spawn
  4 neqoxecs
  11 swamp worms
  2 hell hounds (Abyss:3)
  A hell hound (shapeshifter) (Depths:2)
  2 water moccasins
  A meliai simulacrum (D:14)
  2 porcupines
  A spiny frog skeleton (Abyss:1)
  11 swamp drakes
  4 orc warriors
  A swamp dragon zombie (Abyss:1)
  4 sky beasts
  5 ogres
  An eye of draining (Abyss:1)
  4 ice beasts
  17 wasps
  A phantom (D:8)
  4 wolves (D:8)
  10 centaurs
  2 crocodiles
  4 giant frogs
  Blork the orc (D:5)
  A gnoll sergeant (D:5)
  28 small abominations
  A scorpion (D:7)
  A water moccasin skeleton (D:6)
  5 wights
  10 howler monkeys
  An electric eel (Spider:4)
  2 crimson imps
  A wasp zombie (D:6)
  A jelly (D:5)
  5 quasits
  5 hounds
  2 iron imps
  An orc priest (D:12)
  2 iguanas
  A worker ant (D:4)
  3 orc wizards
  8 sheep
  A hound zombie (D:8)
  A hound skeleton (D:8)
  A howler monkey zombie (D:8)
  3 gnolls
  3 adders
  16 river rats
  4 white imps
  3 ufetubi (Abyss:3)
  3 worms
  3 dart slugs (D:2)
  3 giant geckos
  19 orcs
  A ball python (D:3)
  2 giant cockroaches (D:3)
  2 hobgoblins (D:2)
  2 kobolds
  A quokka (D:5)
  4 bats
  2 giant newts
  3 rats
  A fungus (D:9)
  2 lurking horrors
  5 starspawn tentacles
855 creatures vanquished.

Vanquished Creatures (collateral kills)
  3 very ugly things (Depths:5)
  A fire dragon (Depths:5)
  An ugly thing (Depths:5)
  A chaos spawn (Abyss:4)
6 creatures vanquished.

Vanquished Creatures (others)
  A great orb of eyes (Depths:4)
  An elephant (Lair:6)
  6 slime creatures (Depths:4)
  An air elemental (Depths:4)
  A human (Lair:5)
  A small abomination (Abyss:3)
  2 fungi
  2 lurking horrors
  A plant (Lair:2)
  48 starspawn tentacles
  383 starspawn tentacle segments
  A toadstool (D:8)
448 creatures vanquished.

Grand Total: 1309 creatures vanquished

Notes
Turn   | Place    | Note
--------------------------------------------------------------
     0 | D:1      | Implojin the Troll Fighter began the quest for the Orb.
     0 | D:1      | Reached XP level 1. HP: 22/22 MP: 0/0
    81 | D:2      | Reached XP level 2. HP: 29/29 MP: 1/1
   101 | D:2      | Reached skill level 3 in Unarmed Combat
   152 | D:2      | Reached XP level 3. HP: 36/36 MP: 2/2
   327 | D:4      | Found a burning altar of Makhleb.
   358 | D:4      | Found a shadowy altar of Dithmenos.
   360 | D:4      | Noticed an ogre
   366 | D:4      | Killed an ogre
   366 | D:4      | Reached skill level 5 in Unarmed Combat
   366 | D:4      | Reached XP level 4. HP: 44/44 MP: 3/3
   394 | D:4      | Reached XP level 5. HP: 32/50 MP: 4/4
   459 | D:5      | Entered Level 5 of the Dungeon
   467 | D:5      | Reached skill level 6 in Unarmed Combat
   545 | D:4      | Reached XP level 6. HP: 46/59 MP: 5/5
   606 | D:5      | Noticed Blork the orc
   630 | D:5      | Killed Blork the orc
   630 | D:5      | Reached skill level 7 in Unarmed Combat
   660 | D:5      | Found a staircase to the Ecumenical Temple.
   666 | Temple   | Entered the Ecumenical Temple
   676 | Temple   | Became a worshipper of Warmaster Okawaru
   721 | D:5      | Found an ancient bone altar of Kikubaaqudgha.
   739 | D:5      | Reached XP level 7. HP: 66/66 MP: 6/6
   894 | D:6      | Reached skill level 8 in Unarmed Combat
   912 | D:6      | Reached * piety under Okawaru
   912 | D:6      | Reached skill level 9 in Unarmed Combat
  1091 | D:6      | Found a bloodstained altar of Trog.
  1108 | D:6      | Reached XP level 8. HP: 59/74 MP: 7/7
  1314 | D:7      | Noticed Joseph
  1317 | D:7      | Reached skill level 10 in Unarmed Combat
  1323 | D:7      | Killed Joseph
  1323 | D:7      | Reached ** piety under Okawaru
  1335 | D:8      | Noticed Lich's ghost (novice DDNe)
  1388 | D:7      | Reached skill level 11 in Unarmed Combat
  1474 | D:8      | Killed Lich's ghost
  1474 | D:8      | Reached skill level 12 in Unarmed Combat
  1474 | D:8      | Reached XP level 9. HP: 60/80 MP: 4/8
  1500 | D:8      | Noticed Grum
  1516 | D:8      | Reached skill level 3 in Fighting
  1532 | D:8      | Killed Grum
  1532 | D:8      | Reached *** piety under Okawaru
  1532 | D:8      | Reached skill level 4 in Fighting
  1545 | D:8      | Reached skill level 5 in Fighting
  1566 | D:8      | Found Ykhac's Distillery.
  1576 | D:8      | Bought a potion of heal wounds for 75 gold pieces
  1641 | D:9      | Received a gift from Okawaru
  1671 | D:8      | Found a shimmering altar of Xom.
  1715 | D:9      | Found a staircase to the Lair.
  1742 | D:8      | Reached skill level 6 in Fighting
  1806 | D:10     | Entered Level 10 of the Dungeon
  1923 | D:11     | Reached **** piety under Okawaru
  1923 | D:11     | Reached skill level 7 in Fighting
  1923 | D:11     | Reached XP level 10. HP: 83/102 MP: 9/9
  2073 | D:11     | You fall through a shaft!
  2124 | D:12     | Noticed a hill giant
  2142 | D:12     | Killed a hill giant
  2142 | D:12     | Reached skill level 8 in Fighting
  2231 | D:12     | Noticed a deep elf mage
  2243 | D:12     | Killed a deep elf mage
  2243 | D:12     | Reached skill level 9 in Fighting
  2316 | D:11     | Reached ***** piety under Okawaru
  2375 | D:10     | Found a sacrificial altar of Ru.
  2518 | Lair:1   | Entered Level 1 of the Lair of Beasts
  2572 | Lair:2   | Noticed a four-headed hydra
  2575 | Lair:2   | Noticed a death yak
  2605 | Lair:1   | Noticed a spiny frog
  2606 | Lair:1   | Noticed a six-headed hydra
  2611 | Lair:1   | Killed a spiny frog
  2611 | Lair:1   | Reached skill level 10 in Fighting
  2786 | Lair:2   | Found a hole to the Spider Nest.
  2806 | Lair:2   | Received a gift from Okawaru
  2806 | Lair:2   | Reached skill level 1 in Invocations
  2835 | Lair:2   | Reached skill level 2 in Invocations
  2852 | Lair:2   | Reached XP level 11. HP: 71/117 MP: 11/11
  2921 | Lair:3   | Noticed an oklob plant
  2928 | Lair:3   | Killed an oklob plant
  2936 | Lair:3   | Reached skill level 3 in Invocations
  2947 | Lair:3   | Found a staircase to the Swamp.
  3128 | Lair:4   | Reached skill level 4 in Invocations
  3175 | Lair:5   | Noticed Kirke
  3177 | Lair:5   | Noticed a harpy
  3189 | Lair:5   | Noticed a harpy
  3189 | Lair:5   | Noticed a harpy
  3189 | Lair:5   | Noticed a harpy
  3192 | Lair:5   | Reached skill level 5 in Invocations
  3203 | Lair:5   | Killed Kirke
  3203 | Lair:5   | Reached skill level 6 in Invocations
  3299 | Lair:5   | Reached skill level 7 in Invocations
  3337 | Lair:6   | Entered Level 6 of the Lair of Beasts
  3374 | Lair:6   | Reached skill level 8 in Invocations
  3491 | Lair:5   | Found a frozen archway.
  3531 | Lair:6   | Noticed a four-headed hydra
  3542 | Lair:6   | Killed a seven-headed hydra
  3542 | Lair:6   | Received a gift from Okawaru
  3542 | Lair:6   | Reached skill level 11 in Fighting
  3542 | Lair:6   | Reached XP level 12. HP: 119/130 MP: 15/17
  3550 | Lair:6   | Got a transparent falchion {god gift}
  3609 | Lair:6   | Found a labyrinth entrance.
  3688 | Lair:6   | Found a staircase to the Slime Pits.
  3689 | Lair:6   | Found a viscous altar of Jiyva.
  3728 | Lair:6   | Received a gift from Okawaru
  3732 | Lair:6   | Reached skill level 12 in Fighting
  3751 | Lair:6   | Reached skill level 3 in Shields
  3813 | Lair:6   | Noticed a catoblepas
  3838 | Lair:6   | Killed a catoblepas
  3838 | Lair:6   | Reached skill level 4 in Shields
  3870 | Lair:6   | Noticed a death yak
  3870 | Lair:6   | Noticed a death yak
  3870 | Lair:6   | Noticed a death yak
  3871 | Lair:6   | Noticed a death yak
  3878 | Lair:6   | Killed a death yak
  3879 | Lair:6   | Noticed a death yak
  3880 | Lair:6   | Killed a death yak
  3880 | Lair:6   | Reached skill level 5 in Shields
  3881 | Lair:6   | Noticed a death yak
  3881 | Lair:6   | Noticed a death yak
  3894 | Lair:6   | Killed a death yak
  3896 | Lair:6   | Noticed a death yak
  3897 | Lair:6   | Noticed a death yak
  3902 | Lair:6   | Killed a death yak
  3902 | Lair:6   | Reached skill level 6 in Shields
  3907 | Lair:6   | Killed a death yak
  3910 | Lair:6   | Noticed a death yak
  3913 | Lair:6   | Killed a death yak
  3922 | Lair:6   | Killed a death yak
  3922 | Lair:6   | Reached skill level 7 in Shields
  3931 | Lair:6   | Killed a death yak
  3936 | Lair:6   | Killed a death yak
  3945 | Lair:6   | Killed a death yak
  3945 | Lair:6   | Received a gift from Okawaru
  3945 | Lair:6   | Reached XP level 13. HP: 86/140 MP: 14/18
  4007 | Lair:6   | Reached skill level 8 in Shields
  4042 | Lair:6   | Reached skill level 9 in Shields
  4063 | Lair:6   | Reached skill level 3 in Dodging
  4421 | D:13     | Reached skill level 4 in Dodging
  4430 | D:13     | Identified a scroll of acquirement
  4581 | D:14     | Found an opulent altar of Gozag.
  4637 | D:15     | Entered Level 15 of the Dungeon
  4637 | D:15     | Noticed Louise
  4658 | D:15     | Cast into level 3 of the Abyss (Louise)
  4717 | Abyss:3  | Reached skill level 5 in Dodging
  4803 | D:15     | Escaped the Abyss
  4815 | D:15     | Killed Louise
  4815 | D:15     | Received a gift from Okawaru
  4816 | D:15     | Got a faintly glowing cloak {god gift}
  4893 | D:15     | Reached skill level 6 in Dodging
  4896 | D:15     | Identified the +1 falchion "Finifaoj" {vamp, *Confuse rF+ rC+} (Okawaru gifted it to you on level 6 of the Lair of Beasts)
  4907 | D:15     | Identified the +2 cloak of Peicuxash {rPois rC- Int-2 Slay+5} (Okawaru gifted it to you on level 15 of the Dungeon)
  4995 | D:15     | Reached skill level 7 in Dodging
  5133 | D:15     | Found a staircase to the Depths.
  5303 | Lair:2   | Reached skill level 8 in Dodging
  5374 | Spider:1 | Entered Level 1 of the Spider Nest
  5396 | Spider:1 | Reached XP level 14. HP: 58/149 MP: 12/19
  5594 | Spider:2 | Reached skill level 9 in Dodging
  5609 | Spider:2 | Received a gift from Okawaru
  5693 | Spider:4 | Entered Level 4 of the Spider Nest
  5793 | Spider:4 | Noticed a ghost moth
  5811 | Spider:4 | Killed a ghost moth
  5880 | Spider:4 | Reached skill level 10 in Dodging
  5908 | Spider:4 | Noticed an emperor scorpion
  5926 | Spider:4 | Killed an emperor scorpion
  6172 | Spider:4 | Reached skill level 11 in Dodging
  6306 | Spider:4 | Noticed a ghost moth
  6313 | Spider:4 | Killed a ghost moth
  6357 | Spider:4 | Received a gift from Okawaru
  6375 | Spider:4 | Reached skill level 12 in Dodging
  6406 | Spider:4 | hmm
  6453 | Spider:4 | Noticed an emperor scorpion
  6453 | Spider:4 | Noticed an emperor scorpion
  6454 | Spider:4 | Noticed an emperor scorpion
  6455 | Spider:4 | Noticed a ghost moth
  6472 | Spider:4 | Killed an emperor scorpion
  6484 | Spider:4 | Noticed a ghost moth
  6487 | Spider:4 | Killed a ghost moth
  6500 | Spider:4 | Killed an emperor scorpion
  6507 | Spider:4 | Killed a ghost moth
  6517 | Spider:4 | Killed an emperor scorpion
  6517 | Spider:4 | Reached XP level 15. HP: 96/156 MP: 0/20
  6535 | Spider:4 | Got a gossamer rune of Zot
  6671 | Spider:2 | Received a gift from Okawaru
  6675 | Spider:2 | Got a translucent cloak {god gift}
  6732 | Lair:2   | Identified the +1 cloak of Ciqewnual {Int+3 Dex+4} (Okawaru gifted it to you on level 2 of the Spider Nest)
  6774 | Swamp:1  | Entered Level 1 of the Swamp
  6784 | Swamp:1  | Reached skill level 13 in Dodging
  7029 | Swamp:3  | Noticed Donald
  7051 | Swamp:3  | Killed Donald
  7063 | Swamp:3  | Learned a level 1 spell: Summon Butterflies
  7158 | Swamp:4  | Entered Level 4 of the Swamp
  7185 | Swamp:4  | Reached skill level 13 in Unarmed Combat
  7213 | Swamp:4  | Noticed a thorn hunter
  7245 | Swamp:4  | Killed a thorn hunter
  7272 | Swamp:4  | Reached skill level 14 in Unarmed Combat
  7285 | Swamp:4  | Noticed a thorn hunter
  7298 | Swamp:4  | Killed a thorn hunter
  7408 | Swamp:4  | Got a decaying rune of Zot
  7580 | Lair:3   | Reached skill level 15 in Unarmed Combat
  7836 | Depths:1 | Entered Level 1 of the Depths
  7884 | Depths:1 | Reached XP level 16. HP: 91/165 MP: 17/21
  7973 | Depths:2 | Noticed a tentacled monstrosity
  7988 | Depths:2 | Killed a tentacled monstrosity
  7998 | Depths:2 | Noticed Jorgrun
  7999 | Depths:2 | welp
  8014 | Depths:2 | Killed Jorgrun
  8116 | Depths:2 | Reached skill level 16 in Unarmed Combat
  8133 | Depths:2 | Received a gift from Okawaru
  8316 | Depths:1 | Noticed a lich
  8334 | Depths:2 | Killed a lich
  8365 | Depths:2 | hmm
  8437 | Depths:2 | Found a one-way gate leading to the halls of Pandemonium.
  8438 | Depths:2 | Found a gateway to Hell.
  8468 | Depths:2 | Reached skill level 10 in Shields
  8639 | Depths:3 | Found a one-way gate to the infinite horrors of the Abyss.
  8675 | Depths:3 | Voluntarily entered the Abyss.
  8687 | Abyss:1  | Noticed a lich
  8699 | Abyss:1  | Killed a lich
  8715 | Abyss:1  | Noticed a lich
  8728 | Abyss:1  | Killed a lich
  8840 | Abyss:1  | Reached skill level 13 in Fighting
  8868 | Abyss:1  | Noticed a tentacled starspawn
  8873 | Abyss:1  | Killed a tentacled starspawn
  8879 | Depths:3 | Escaped the Abyss
  8990 | Depths:3 | Voluntarily entered the Abyss.
  8990 | Abyss:1  | Found a corrupted altar of Lugonu.
  9082 | Abyss:2  | Noticed a tentacled starspawn
  9105 | Abyss:2  | Killed a tentacled starspawn
  9120 | Abyss:2  | Reached skill level 1 in Stealth
  9240 | Abyss:3  | hmm
  9281 | Abyss:3  | Noticed a profane servitor
  9293 | Abyss:3  | Killed a profane servitor
  9293 | Abyss:3  | Reached skill level 2 in Stealth
  9315 | Abyss:3  | Noticed a tentacled starspawn
  9335 | Abyss:3  | these new demon tiles are worse than the old ones
  9335 | Abyss:3  | and that's saying something
  9350 | Abyss:3  | Killed a tentacled starspawn
  9350 | Abyss:3  | Reached skill level 3 in Stealth
  9354 | Abyss:3  | Reached XP level 17. HP: 120/178 MP: 20/22
  9450 | Abyss:3  | Reached skill level 4 in Stealth
  9686 | Abyss:3  | Reached skill level 5 in Stealth
  9788 | Abyss:3  | Paralysed by a great orb of eyes for 2 turns
 10009 | Abyss:3  | Reached skill level 1 in Armour
 10051 | Abyss:3  | Reached skill level 2 in Armour
 10090 | Abyss:3  | Reached skill level 3 in Armour
 10165 | Abyss:3  | Reached skill level 4 in Armour
 10358 | Abyss:3  | Reached skill level 5 in Armour
 10480 | Depths:3 | Escaped the Abyss
 10637 | Depths:3 | Voluntarily entered the Abyss.
 10661 | Abyss:1  | Noticed a bone dragon
 10661 | Abyss:1  | Reached skill level 6 in Armour
 10682 | Abyss:1  | Killed a bone dragon
 10718 | Abyss:1  | Noticed a lich
 10776 | Abyss:1  | Killed a lich
 10776 | Abyss:1  | Reached skill level 7 in Armour
 10788 | Abyss:1  | Found a corrupted altar of Lugonu.
 10869 | Abyss:1  | Noticed a kraken
 10899 | Abyss:1  | Noticed a profane servitor
 11030 | Abyss:3  | Reached skill level 8 in Armour
 11065 | Abyss:3  | yay
 11101 | Abyss:3  | asdfghjkl
 11236 | Abyss:3  | Reached XP level 18. HP: 162/187 MP: 23/23
 11341 | Abyss:4  | Reached skill level 9 in Armour
 11574 | Abyss:5  | Entered Level 5 of the Abyss
 11657 | Abyss:5  | Noticed a bone dragon
 11665 | Abyss:5  | Killed a bone dragon
 11665 | Abyss:5  | Reached skill level 10 in Armour
 11755 | Abyss:5  | aSDFGHJKL;
 11756 | Depths:3 | Escaped the Abyss
 11872 | Depths:3 | Voluntarily entered the Abyss.
 11902 | Abyss:1  | Noticed a bone dragon
 11922 | Abyss:1  | Killed a bone dragon
 11927 | Abyss:1  | Received a gift from Okawaru
 11927 | Abyss:1  | Reached skill level 11 in Armour
 12042 | Abyss:1  | Found a shimmering altar of Xom.
 12154 | Abyss:1  | Noticed a tentacled monstrosity
 12242 | Abyss:1  | Killed a tentacled monstrosity
 12242 | Abyss:1  | Reached skill level 12 in Armour
 12318 | Abyss:2  | Found a stormy altar of Qazlal.
 12837 | Abyss:3  | Found a corrupted altar of Lugonu.
 13013 | Abyss:3  | come on
 13034 | Abyss:3  | Reached skill level 14 in Fighting
 13036 | Abyss:3  | Noticed a lich
 13146 | Abyss:4  | Reached XP level 19. HP: 187/197 MP: 24/24
 13171 | Abyss:4  | fuck ittttt
 13172 | Abyss:4  | Got an abyssal rune of Zot
 13442 | Depths:3 | Escaped the Abyss
 13731 | Depths:5 | Entered Level 5 of the Depths
 13731 | Depths:5 | Noticed Mennas
 13733 | Depths:5 | Noticed Jory
 13758 | Depths:4 | Found a flickering gateway to a bazaar.
 13768 | Bazaar   | Entered a bazaar
 13782 | Bazaar   | Found Cufaskero's Gadget Shoppe.
 13798 | Bazaar   | Found Delevin's Magic Scroll Emporium.
 13802 | Bazaar   | Bought 3 scrolls of teleportation for 90 gold pieces
 13802 | Bazaar   | Bought a scroll of fog for 20 gold pieces
 13802 | Bazaar   | Bought a scroll of summoning for 95 gold pieces
 13802 | Bazaar   | Bought a scroll of identify for 20 gold pieces
 13813 | Bazaar   | Found Lashen's Jewellery Shoppe.
 13813 | Bazaar   | Found Filoaff's Antique Weapon Emporium.
 13824 | Bazaar   | Bought the amulet "Zasy" {Inacc rPois rF+ rN+ MR+} for 318 gold pieces
 13904 | Depths:5 | Reached skill level 15 in Fighting
 13942 | Depths:5 | Killed Jory
 14043 | Depths:5 | okay
 14270 | Depths:4 | this run is way too slow anyway
 14270 | Depths:4 | Quit the game

Vault maps used:
D:1:      saegor_arrival_simple_c
D:2:      lemuel_doored_altar, uniq_iyjb
D:4:      good_gods_mini_temple, nicolae_dithmenos_shadow_blocks,
          kennysheep_mini, vehumet_crystals, cheibriados_altar_1, first_bread
D:5:      lemuel_round_altar, minmay_temple_entry_hall, uniq_blork_the_orc
D:6:      kennysheep_little_box, serial_shops, nicolae_shop_crystal
D:7:      nicolae_overflow_crystal_walls, marbit_many_paths,
          lemuel_coloured_pillars_altar, lemuel_crystal_altar, serial_glass,
          glass_columns_b, glass_columns_a, glass_columns_c, glass_columns_b,
          glass_columns_b, uniq_menkaure, uniq_joseph, uniq_prince_ribbit1
D:8:      xom_teletrap_fun, serial_shops, nicolae_shop_waterfront,
          blue_anna_alchemist, st_stairs_14, lasty_cornered_adventurer,
          uniq_grum
D:9:      dpeg_oklobed_lair, serial_shops,
          nicolae_shop_temple_entry_statues_fountains, nicolae_shop_statue_plus,
          nicolae_shop_crystal, uniq_maurice
D:10:     lemuel_upstairs_altar, led_sif_book
D:11:     kennysheep_orc_monster_closet_entryway
D:13:     uniq_urug
D:14:     erik_vaults_2, lemuel_crystal_altar, grunt_gozag_statues
D:15:     grunt_enter_depths_snipers, minmay_splitting_lines, uniq_louise
Temple:   nicolae_temple_great_sept
Lair:1:   lemuel_fruit_tree, grunt_megastairs_5
Lair:2:   spider_nest_entry_a, serial_bayou_shore_b,
          infiniplex_staircase_pool_2, grunt_megastairs_4
Lair:3:   swamp_mist
Lair:4:   beast_lair_carwin_3, serial_bayou_shore_b
Lair:5:   portal_ice_cave_entry_pillars_1, uniq_kirke
Lair:6:   evilmike_catoblepas_cave, slime_altar_1, lab_entry_generic
Swamp:1:  evilmike_swamp_ruin_house_6, infiniplex_staircase_pool
Swamp:2:  serial_swamp_ruin, evilmike_swamp_ruin_wall,
          evilmike_swamp_ruin_house_2
Swamp:3:  nicolae_swamp_little_tower, uniq_donald
Swamp:4:  swamp
Spider:2: nicolae_spider_cling_ruins, uniq_arachne
Spider:4: spider_rune_water, spiders_nest_the_unseen
Depths:1: abyss_entry, serial_shops, nicolae_shop_statue_plus,
          grunt_hell_entry_dis_old, rand_demon_pan_entry_3,
          wad_floor_pattern_untrapped, st_stairs_10,
          hangedman_abyss_or_decor_clamps, spider_trap, minmay_misc_feat_x,
          minmay_evil_grid, firewood_loft, uniq_nikola, uniq_saint_roka,
          uniq_wiglaf
Depths:2: hangedman_slaughterboxes, pan_entry, hell_entry, uniq_jorgrun
Depths:3: minmay_four_inscribed_fans, hell_entry, abyss_entry, pan_entry,
          nemelex_xobeh_ov_fountains_minmay, eino_small_chamber_without_monster,
          minmay_staircase_windowed_large
Depths:4: evilmike_wizard_prison, abyss_entry, serial_shops, bzr_firewalk,
          hell_entry, infiniplex_staircase_diamond
Depths:5: grunt_crosshair, enter_ziggurat_d,
          hangedman_abyss_or_decor_lesser_grid, pf_coc_iceberg, uniq_jory,
          uniq_margery, uniq_mennas
Abyss:1:  serial_sigils_hangedman_quiver
Abyss:2:  hangedman_decor_lopped
Abyss:3:  abyss_greek_temple, nicolae_abyss_rune_left_handed, minivault_1,
          hangedman_abyss_or_decor_stabs, hangedman_abyss_rune_macabre_mess,
          evilmike_abyss_exit_chaos, guppyfry_abyss_exit_glass_guarded,
          dshaligram_kb_abyss_rune_zappy_water_cross, abyss_greek_temple,
          hangedman_abyss_exit_choices
Abyss:4:  grunt_abyss_rune_forest_and_sorcery, minivault_13
Abyss:5:  hangedman_abyss_feature_spike, evilmike_abyss_rune_ettins,
          evilmike_abyss_exit_7
Bazaar:   bazaar_short_row

Skill      XL: |  1  2  3  4  5  6  7  8  9 10 11 12 13 14 15 16 17 18 19 |
---------------+----------------------------------------------------------+-----
Unarmed Combat | 3 5 6 7 9 12 15 16 | 16.0
Fighting       | 7 10 11 12 13 14 15 | 15.4
Invocations    | 2 8 |  8.1
Shields        | 7 9 10 | 10.0
Dodging        | 8 12 13 | 13.2
Stealth        | 3 5 |  5.8
Armour         | 8 12 | 12.3

Action                   |  1- 3 |  4- 6 |  7- 9 | 10-12 | 13-15 | 16-18 | 19-21 || total
-------------------------+-------+-------+-------+-------+-------+-------+-------++-------
Melee: Unarmed           |    59 |    56 |   197 |   415 |  1049 |  1359 |   298 ||  3433
Throw: Tomahawk          |       |       |       |     1 |       |       |       ||     1
       Javelin           |       |       |       |     4 |     5 |       |       ||     9
       Large rock        |       |       |       |       |    27 |       |       ||    27
Invok: Heroism           |       |       |     9 |    23 |    46 |    62 |    14 ||   154
       Finesse           |       |       |       |     3 |    21 |    17 |       ||    41
Evoke: Wand              |       |       |       |     1 |     5 |     3 |     1 ||    10
  Use: Scroll            |     3 |       |     8 |    13 |     9 |     9 |     8 ||    50
       Potion            |       |       |     1 |       |     4 |    14 |     7 ||    26
 Stab: Sleeping          |       |     1 |     1 |     2 |       |       |       ||     4
       Petrifying        |       |       |       |       |       |     3 |       ||     3
       Distracted        |       |       |       |       |       |     1 |       ||     1
  Eat: Chunk             |     7 |     5 |    10 |    21 |    23 |    18 |     9 ||    93
       Meat ration       |       |       |       |       |     1 |     3 |       ||     4
       Pizza             |       |       |       |       |     1 |       |       ||     1
       Royal jelly       |       |       |       |       |       |     1 |       ||     1
       Bread ration      |       |       |       |       |       |     3 |       ||     3
Armor: Robe              |    14 |    17 |    44 |    29 |       |       |       ||   104
       Pearl dragon armo |       |       |       |    76 |   291 |   250 |    91 ||   708
Dodge: Dodged            |    13 |    14 |    52 |   124 |   374 |   539 |   111 ||  1227
Block: Shield            |    21 |    20 |    95 |   240 |   611 |     6 |       ||   993
       Large shield      |       |       |       |       |       |  1172 |   272 ||  1444

Table legend:
 A = Turns spent in this place as a percentage of turns spent in the entire game.
 B = Non-inter-level travel turns spent in this place as a percentage of non-inter-level travel turns spent in the entire game.
 C = Inter-level travel turns spent in this place as a percentage of turns spent in this place.
 D = Turns resting spent in this place as a percentage of non-inter-level travel turns spent in this place.
 E = Turns spent auto-exploring this place as a percentage of non-inter-level travel turns spent in this place.
 F = Non-inter-level travel turns spent in this place divided by the number of levels of this place that you've seen.
                   A       B       C       D       E      F
               +-------+-------+-------+-------+-------+----------------------
         Total | 100.0 | 100.0 |   0.0 |   0.5 |   0.0 | 267.1
       Dungeon |  24.8 |  24.8 |   0.0 |   0.0 |   0.0 | 220.5
        Temple |   0.2 |   0.2 |   0.0 |   0.0 |   0.0 |  22.0
          Lair |  15.4 |  15.4 |   0.0 |   0.1 |   0.0 | 343.3
         Swamp |   6.3 |   6.3 |   0.0 |   0.2 |   0.0 | 209.2
   Spider Nest |   9.3 |   9.3 |   0.0 |   0.6 |   0.0 | 312.0
        Depths |  10.3 |  10.3 |   0.0 |   1.6 |   0.0 | 275.4
         Abyss |  33.1 |  33.1 |   0.0 |   0.8 |   0.0 | 316.0
        Bazaar |   0.6 |   0.6 |   0.0 |   0.0 |   0.0 |  80.0
               +-------+-------+-------+-------+-------+----------------------

Table legend:
 A = Kills in this place as a percentage of kills in entire the game.
 B = Kills by you in this place as a percentage of kills by you in the entire game.
 C = Kills by friends in this place as a percentage of kills by friends in the entire game.
 D = Other kills in this place as a percentage of other kills in the entire game.
 E = Experience gained in this place as a percentage of experience gained in the entire game.
 F = Experience gained in this place divided by the number of levels of this place that you have seen.
                   A       B       C       D       E      F
               +-------+-------+-------+-------+-------+----------------------
         Total | 100.0 | 100.0 | 100.0 |  -nan | 100.0 | 8409.5
       Dungeon |  17.7 |  17.8 |   0.0 |  -nan |   5.0 | 1408.4
          Lair |  14.2 |  14.3 |   0.0 |  -nan |  10.3 | 7223.2
         Swamp |   9.5 |   9.6 |   0.0 |  -nan |   9.9 | 10449.5
   Spider Nest |  11.7 |  11.8 |   0.0 |  -nan |  10.3 | 10837.5
        Depths |  10.1 |   9.6 |  83.3 |  -nan |  17.4 | 14610.2
         Abyss |  36.8 |  37.0 |  16.7 |  -nan |  47.0 | 14129.2
               +-------+-------+-------+-------+-------+----------------------
